 Dungeon Crawl Stone Soup version 0.28-a0-653-g7e9dba17c3 (webtiles) character file.

Game seed: 816252770204348470

67 mordus the Chopper (level 4, 0/39 HPs)
             Began as a Hill Orc Monk on Oct 11, 2021.
             Slain by a phantom (7 damage)
             ... on level 2 of the Dungeon.
             The game lasted 00:03:44 (1690 turns).

mordus the Chopper (Hill Orc Monk)                  Turns: 1690, Time: 00:03:45

Health: 0/39       AC:  6    Str: 14    XL:     4   Next: 18%
Magic:  4/4        EV:  9    Int: 10    God:
Gold:   97         SH:  3    Dex: 13    Spells: 3/3 levels left

rFire   . . .      SeeInvis .   a - +0 hand axe
rCold   . . .      Faith    .   j - +0 buckler
rNeg    . . .      Spirit   .   c - +0 scale mail
rPois   .          Reflect  .   (no helmet)
rElec   .          Harm     .   (no cloak)
rCorr   .          Rampage  .   (no gloves)
Will    .....                   (no boots)
Stlth   ..........              (no amulet)
HPRegen 0.13/turn               (no ring)
MPRegen 0.09/turn               (no ring)

@: no status effects
A: no striking features
a: no special abilities


You were on level 2 of the Dungeon.
You visited 1 branch of the dungeon, and saw 2 of its levels.

You collected 97 gold pieces.

Inventory:

Hand Weapons
 a - a +0 hand axe (weapon)
Armour
 b - a +0 robe
 c - a +0 scale mail (worn)
 j - a +0 buckler (worn)
 m - a +0 kite shield
Scrolls
 d - 5 scrolls of identify {unknown}
 e - a scroll of brand weapon {unknown}
 g - a scroll of enchant weapon {unknown}
 h - a scroll of vulnerability {unknown}
 k - a scroll of summoning {unknown}
 l - a scroll of fear {unknown}
Potions
 f - a potion of curing
 i - a potion of lignification {unknown}


   Skills:
 - Level 3.6 Fighting
 * Level 5.7 Axes
 + Level 2.0 Armour
 - Level 2.4 Dodging
 - Level 1.5 Stealth
 + Level 0.3 Shields


You had 3 spell levels left.
You didn't know any spells.
Your spell library was empty.

Dungeon Overview and Level Annotations

Branches:
Dungeon (2/15)

Altars:

Shops:
D:1 *


Message History

You closely miss the phantom.
The phantom is severely damaged.
The phantom hits you.
Your shield and scale mail prevent you from hitting the phantom.
The phantom is severely damaged.
The phantom hits you but does no damage.
The phantom hits you.
* * * LOW HITPOINT WARNING * * *
You closely miss the phantom.
The phantom is severely damaged.
The phantom hits you.
* * * LOW HITPOINT WARNING * * *
You hit the phantom but do no damage.
The phantom is severely damaged.
The phantom hits you but does no damage.
You hit the phantom.
The phantom is severely damaged.
The phantom hits you.
* * * LOW HITPOINT WARNING * * *
You hit the phantom.
The phantom is almost destroyed.
You block the phantom's attack.
You feel better.
The phantom hits you but does no damage.
You closely miss the phantom.
The phantom is almost destroyed.
The phantom closely misses you.
You hit the phantom but do no damage.
The phantom is almost destroyed.
The phantom barely misses you.
You closely miss the phantom.
The phantom is almost destroyed.
The phantom hits you but does no damage.
You completely miss the phantom.
The phantom is almost destroyed.
The phantom misses you.
You barely miss the phantom.
The phantom is almost destroyed.
The phantom hits you!
You die...

# #.............................
####.###.###############.........
..........................#.#####
##.....#.####.######.####.#.....#
##.....#.####...............###.#
...........##.###########.#####.#
.....................#...........
........>..##.######.#.##.#####.#
................@W...#.##.#
...........##.#####..#.##.#
...........##.#####..#.##.#
...<..............#§.#.##.#
..................#.§#.##.#
..................#..#.##..
..............#####..#.########
..............#####..#........#
..............#......#..#####.#


You could see a phantom.

Vanquished Creatures
  3 adders (D:2)
  2 worms
  2 dart slugs
  3 ball pythons
  2 bats
  2 endoplasms (D:2)
  2 hobgoblins (D:1)
  2 quokkas (D:1)
  7 goblins
  A kobold (D:2)
  5 rats
31 creatures vanquished.

Notes
Turn   | Place    | Note
-------+----------+-------------------------------------------
     0 | D:1      | mordus the Hill Orc Monk began the quest for the Orb.
     0 | D:1      | Reached XP level 1. HP: 19/19 MP: 1/1
   183 | D:1      | Found Utiacash's Assorted Antiques.
   347 | D:1      | Reached XP level 2. HP: 26/26 MP: 2/2
   384 | D:1      | Reached skill level 1 in Armour
   736 | D:2      | Reached skill level 5 in Axes
   772 | D:2      | Reached XP level 3. HP: 24/31 MP: 3/3
  1463 | D:2      | Reached XP level 4. HP: 39/39 MP: 4/4
  1654 | D:2      | Noticed a phantom
  1683 | D:2      | HP: 1/39 [phantom (6)]
  1690 | D:2      | Slain by a phantom

Illustrated notes

Levels and vault maps discovered:
D:1:      lightli_arrival_statue_moat, layout_basic, serial_shops,
          nicolae_shop_statue_plus
D:2:      layout_basic

Skill      XL: |  1  2  3  4 |
---------------+-------------+-----
Armour         | 1 2 |  2.0
Axes           | 5 |  5.7
Fighting       | |  3.6
Dodging        | |  2.4
Stealth        | |  1.5
Shields        | |  0.3

Action                   |  1- 3 |  4- 6 || total
-------------------------+-------+-------++-------
Melee: Hand axe          |    98 |    42 ||   140
  Use: Potion            |     1 |     1 ||     2
Armor: Scale mail        |    38 |    17 ||    55
       Robe              |     1 |       ||     1
Dodge: Dodged            |    54 |    13 ||    67
Block: Buckler           |     3 |     5 ||     8

Table legend: (Time is in decaauts)
 A = Elapsed time spent in this place.
 B = Non-inter-level travel time spent in this place.
 C = Inter-level travel time spent in this place.
 D = Time resting spent in this place.
 E = Time spent auto-exploring this place.
 F = Levels seen in this place.
 G = Mean time per level.
                   A        B        C        D        E       F      G
               +--------+--------+--------+--------+--------+-----+--------+
         Total |   1701 |   1690 |     11 |     48 |   1268 |   2 |  850.5 |
       Dungeon |   1701 |   1690 |     11 |     48 |   1268 |   2 |  850.5 |
               +--------+--------+--------+--------+--------+-----+--------+

Top non-repeatable levels by time:
     D:2: 1032 daAuts
     D:1: 668 daAuts
